 Dungeon Crawl Stone Soup version 0.31-a0-188-g5e087ee2ca (webtiles) character file.

Game seed: 17654068703017204555

2748 lessens the Grappler (level 9, -4/76 HPs)
             Began as a Troll Warper on June 24, 2023.
             Was an Initiate of Okawaru.
             Slain by a wight
             ... wielding a +1 hand axe
              (9 damage)
             ... on level 7 of the Dungeon.
             The game lasted 00:07:56 (5447 turns).

lessens the Grappler (Troll Warper)                 Turns: 5447, Time: 00:07:57

Health: -4/76      AC:  4    Str: 25    XL:     9   Next: 41%
Magic:  9/9        EV: 10    Int:  9    God:    Okawaru [......]
Gold:   267        SH:  0    Dex:  9    Spells: 10/10 levels left

rFire   . .          .
                       - Unarmed
rCold   . . .        (no shield)
rNeg    . . .        a - +0 robe
rPois   .            (helmet restricted)
rElec   .            (no cloak)
rCorr   .            (gloves unavailable)
SInv    +            (boots unavailable)
Will    .....        (no amulet)
Stlth   +            g - ring of see invisible
HPRegen 1.12/turn    o - ring of flight
MPRegen 0.11/turn

%: no passive effects
@: lethally poisoned (-4 -> -6), flying, slowed, very slow
A: large, unfitting armour, claws 3, regeneration 1, shaggy fur 1, tough skin 1
a: Renounce Religion


You were on level 7 of the Dungeon.
You worshipped Okawaru.
Okawaru was noncommittal.
You visited 2 branches of the dungeon, and saw 8 of its levels.

You collected 267 gold pieces.

Inventory:

Missiles
 c - 7 boomerangs of dispersal (quivered)
 h - 37 stones
 n - 16 boomerangs
 z - 2 javelins
 A - a silver boomerang
 D - 17 poisoned darts
Armour
 a - a +0 robe (worn)
Jewellery
 g - a ring of see invisible (left claw)
 o - a ring of flight (right claw)
 u - a ring of ice
Wands
 p - a wand of mindburst (11)
Scrolls
 b - a scroll of blinking
 d - a scroll of amnesia {unknown}
 k - 6 scrolls of enchant weapon
 l - 7 scrolls of identify
 q - a scroll of fog {unknown}
 r - 2 scrolls of vulnerability {unknown}
 t - 2 scrolls of fear {unknown}
 x - a scroll of enchant armour {unknown}
 y - 2 scrolls of poison {unknown}
 B - a scroll of teleportation {unknown}
Potions
 f - a potion of haste {unknown}
 i - a potion of brilliance
 j - a potion of lignification {unknown}
 m - a potion of heal wounds {unknown}
 s - a potion of ambrosia {unknown}
 v - a potion of enlightenment {unknown}
 w - a potion of magic {unknown}
 C - 2 potions of might {unknown}
 E - a potion of resistance {unknown}


   Skills:
 - Level 1.5 Fighting
 - Level 0.8 Throwing
 + Level 4.2 Dodging
 * Level 12.2 Unarmed Combat
 - Level 1.2 Spellcasting
 - Level 2.1 Translocations


You had 10 spell levels left.
You didn't know any spells.
Your spell library contained the following spells:

 Spells                   Type           Power      Damage    Failure   Level
 Blink                    Tloc           8%         N/A       22%         2
 Lesser Beckoning         Tloc           8%         N/A       22%         2
 Foxfire                  Conj/Fire      0%         2x1d4     36%         1
 Sandblast                Erth           0%         2d4       36%         1
 Slow                     Hex            0%         N/A       36%         1
 Sting                    Tmut/Pois      0%         1d3       36%         1
 Gell's Gravitas          Tloc           4%         N/A       41%         3
 Teleport Other           Tloc           4%         N/A       41%         3
 Passwall                 Tmut/Erth      0%         N/A       50%         2
 Poisonous Vapours        Pois/Air       0%         N/A       50%         2
 Portal Projectile        Hex/Tloc       4%         N/A       56%         3
 Vhi's Electric Charge    Tloc/Air       4%         N/A       56%         3
 Confusing Touch          Hex            0%         N/A       73%         3
 Stone Arrow              Conj/Erth      0%         3d7       73%         3
 Vampiric Draining        Necr           0%         2d6       73%         3
 Manifold Assault         Tloc           4%         N/A       82%         4
 Olgreb's Toxic Radiance  Pois           0%         N/A       98%         4
 Blade Hands              Tmut           0%         N/A       100%        5
 Fireball                 Conj/Fire      0%         3d3       100%        5
 Plasma Beam              Fire/Air       0%         2x1d10    100%        6
 Starburst                Conj/Fire      0%         6d3       100%        6
 Tukima's Dance           Hex            Unusable   N/A       N/A         3

Dungeon Overview and Level Annotations

Branches:
Dungeon (7/15) Zot: 26633  Temple (1/1) D:7 Zot: 5958

Altars:
Ashenzari
Cheibriados
Dithmenos
Gozag
Hepliaklqana
Nemelex Xobeh
Okawaru
Ru
Wu Jian
Xom
Zin

Shops:
D:4 (


Innate Abilities, Weirdness & Mutations

You are too large for most types of armour.
You have claws for hands.
Your natural rate of healing is unusually fast.
You are covered in fur. (AC +1)
You have tough skin. (AC +1)


Message History

You feel sick. The hornet stings you.
You feel yourself slow down.
You feel yourself speed up.
You feel sick. The hornet stings you!
You feel yourself slow down. The hornet barely misses you.
You can move again.
Unknown command.
Unknown command.
Unknown command.
Unknown command.
You closely miss the hornet.
The hornet is heavily wounded.
You feel yourself speed up.
You feel sick. The hornet stings you!
You feel yourself slow down.
A wight comes into view. It is wielding a +0 falchion.
The hornet barely misses you.
You claw the hornet!
The hornet is severely wounded.
You feel yourself speed up.
You feel sick. The hornet closely misses you.
You scratch the hornet.
The hornet is almost dead.
The hornet barely misses you. The wight hits you with a +1 hand axe.
You feel drained.
* * * LOW HITPOINT WARNING * * *
The hornet stings you!
* * * LOW HITPOINT WARNING * * *
You are more poisoned.
You feel yourself slow down.
You mangle the hornet!!
You kill the hornet!
Okawaru accepts your kill.
* * * LOW HITPOINT WARNING * * *
You feel very sick.
A wight comes into view. It is wielding a +1 battleaxe.
The wight barely misses you.
Your life force feels restored.
Unknown command.
You feel very sick. The wight hits you with a +1 hand axe!
You die...

#.####..#.# #####.
##.##....#.# #..... ~
##..##.##.#..## #.....
..##..#...#..##..####.>..#
..........<.####.#........
...........#)........⌠.⌠.⌠.
..........#))).......8.8.8.
.........#.................
#...##...#@................
#........#z................
.#...........)............
##....#...z..............
.........................
.....................#.#.#
........###.#z.#######.#.#
...... #..##..#####....#
.>.......####..##.)..#.#


You could see 3 wights.

Vanquished Creatures
  A hornet (D:7)
  Sigmund (D:2)
  An orc warrior (D:6)
  2 ice beasts (D:5)
  A black bear (D:5)
  2 sky beasts (D:7)
  2 ogres
  A phantom (D:5)
  Blork the orc (D:6)
  3 kobold brigands
  The ghost of fecund the Ruffian, an amateur VSTm (D:3)
  2 bullfrogs
  6 scorpions
  A howler monkey (D:6)
  An electric eel (D:7)
  2 jellies
  2 orc priests
  2 iguanas
  Ijyb (D:3)
  3 sleepcaps
  Natasha (thrice) (D:2)
  An orc wizard (D:6)
  7 gnolls
  11 adders
  2 shadow imps (D:6)
  3 white imps (D:6)
  4 ufetubi
  3 worms
  4 dart slugs
  14 orcs
  4 ball pythons
  5 endoplasms
  4 giant cockroaches
  2 goblins
  6 hobgoblins
  13 jackals
  3 bats
  5 frilled lizards
  14 kobolds
  6 rats
150 creatures vanquished.

Vanquished Creatures (others)
  3 kobolds (D:7)
3 creatures vanquished.

Grand Total: 153 creatures vanquished

Notes
Turn   | Place    | Note
-------+----------+-------------------------------------------
     0 | D:1      | lessens the Troll Warper began the quest for the Orb.
     0 | D:1      | Reached XP level 1. HP: 19/19 MP: 1/1
   264 | D:1      | Reached XP level 2. HP: 27/27 MP: 2/2
   284 | D:1      | You fall into a shaft and drop 1 floor!
   301 | D:2      | Reached skill level 3 in Unarmed Combat
   326 | D:2      | Found a faded altar of an unknown god.
   364 | D:2      | Reached XP level 3. HP: 33/33 MP: 3/3
   397 | D:2      | Noticed Sigmund
   412 | D:2      | Killed Sigmund
   413 | D:2      | Reached skill level 5 in Unarmed Combat
   413 | D:2      | Reached XP level 4. HP: 35/41 MP: 4/4
   413 | D:2      | Reached XP level 5. HP: 41/48 MP: 5/5
   537 | D:2      | Reached skill level 6 in Unarmed Combat
   656 | D:2      | Reached XP level 6. HP: 55/55 MP: 6/6
   775 | D:2      | Noticed Natasha
   792 | D:2      | Killed Natasha
   799 | D:2      | Noticed Natasha
   807 | D:2      | Killed Natasha
   816 | D:2      | Noticed Natasha
   824 | D:2      | Killed Natasha
  1225 | D:3      | Reached skill level 7 in Unarmed Combat
  1616 | D:3      | Found a runed translucent door.
  1617 | D:3      | Noticed fecund's ghost (amateur VSTm)
  1690 | D:3      | Noticed Ijyb
  1697 | D:3      | Killed Ijyb
  2174 | D:3      | Killed fecund's ghost
  2209 | D:4      | Reached XP level 7. HP: 58/62 MP: 7/7
  2310 | D:4      | Reached skill level 8 in Unarmed Combat
  2479 | D:4      | Found Reek's Antique Weapon Boutique.
  2902 | D:5      | Entered Level 5 of the Dungeon
  2970 | D:5      | Reached skill level 9 in Unarmed Combat
  3040 | D:5      | Reached XP level 8. HP: 70/70 MP: 8/8
  3052 | D:5      | Found a sacrificial altar of Ru.
  3068 | D:5      | Reached skill level 10 in Unarmed Combat
  3198 | D:5      | Identified the +7 hand axe of the Unkillable {spect, rElec
                  | rPois Str-5 Int+2}
  4089 | D:6      | Reached skill level 11 in Unarmed Combat
  4358 | D:6      | Reached XP level 9. HP: 47/76 MP: 9/9
  4487 | D:6      | Noticed Blork the orc
  4493 | D:6      | Killed Blork the orc
  4647 | D:6      | Found a broken altar of Ashenzari.
  5034 | D:7      | Found a staircase to the Ecumenical Temple.
  5046 | Temple   | Entered the Ecumenical Temple
  5075 | Temple   | Became a worshipper of Warmaster Okawaru
  5198 | D:7      | Paralysed by a hornet for 3 turns
  5202 | D:7      | HP: 1/76 [poisoned by a hornet]
  5384 | D:7      | Reached skill level 12 in Unarmed Combat
  5440 | D:7      | Paralysed by a hornet for 3 turns
  5447 | D:7      | Slain by a wight

Illustrated notes

Levels and vault maps discovered:
D:1:      psy_arrival_basics, layout_loops_ring
D:2:      cheibrodos_helix_gallery, layout_basic,
          hellmonk_ecumenical_altar_blasted, uniq_natasha, uniq_sigmund
D:3:      layout_loops_corners, gammafunk_ghost_grave, uniq_ijyb
D:4:      layout_loops_ring, serial_shops,
          nicolae_shop_temple_entry_statues_fountains
D:5:      layout_rooms, nicolae_ru_sacrificial_ziggurat, minmay_misc_feat_tower
D:6:      cheibrodos_thug_alley, layout_layer_cave, marbit_many_paths,
          uniq_blork_the_orc
D:7:      layout_rooms, chequers_temple_overflow_minitemple,
          minmay_temple_entry_drinking_statues, serial_bayou,
          serial_bayou_pond_b, serial_bayou_pond_c, serial_bayou_pond_d,
          serial_bayou_crossing
Temple:   eino_wide_crystal_templ

Skill      XL: |  1  2  3  4  5  6  7  8  9 |
---------------+----------------------------+-----
Unarmed Combat | 3 5 6 7 9 11 12 | 12.2
Dodging        | 3 4 |  4.2
Fighting       | |  1.5
Throwing       | |  0.8
Spellcasting   | |  1.2
Translocations | |  2.1

Action                     |  1- 3 |  4- 6 |  7- 9 || total
---------------------------+-------+-------+-------++-------
  Melee: Unarmed           |    63 |   131 |   227 ||   421
         Punch             |     1 |     4 |    13 ||    18
    Use: Scroll            |       |       |     5 ||     5
         Potion            |       |       |     2 ||     2
   Stab: Sleeping          |       |       |     1 ||     1
 Armour: Robe              |    26 |    27 |    59 ||   112
  Dodge: Dodged            |    24 |    52 |   110 ||   186

Table legend: (Time is in decaauts)
 A = Elapsed time spent in this place.
 B = Non-inter-level travel time spent in this place.
 C = Inter-level travel time spent in this place.
 D = Time resting spent in this place.
 E = Time spent auto-exploring this place.
 F = Levels seen in this place.
 G = Mean time per level.
                   A        B        C        D        E       F      G
               +--------+--------+--------+--------+--------+-----+--------+
         Total |   5391 |   5239 |    152 |     44 |   4252 |   8 |  673.9 |
       Dungeon |   5349 |   5209 |    140 |     44 |   4237 |   7 |  764.1 |
        Temple |     41 |     29 |     12 |      0 |     15 |   1 |   41.0 |
               +--------+--------+--------+--------+--------+-----+--------+

Top non-repeatable levels by time:
     D:6: 1591 daAuts
     D:3: 1012 daAuts
     D:2: 893 daAuts
     D:4: 690 daAuts
     D:5: 567 daAuts
     D:7: 311 daAuts
     D:1: 282 daAuts
  Temple: 41 daAuts

Levels and vault maps discovered:
D:1:      psy_arrival_basics, layout_loops_ring
D:2:      cheibrodos_helix_gallery, layout_basic,
          hellmonk_ecumenical_altar_blasted, uniq_natasha, uniq_sigmund
D:3:      layout_loops_corners, gammafunk_ghost_grave, uniq_ijyb
D:4:      layout_loops_ring, serial_shops,
          nicolae_shop_temple_entry_statues_fountains
D:5:      layout_rooms, nicolae_ru_sacrificial_ziggurat, minmay_misc_feat_tower
D:6:      cheibrodos_thug_alley, layout_layer_cave, marbit_many_paths,
          uniq_blork_the_orc
D:7:      layout_rooms, chequers_temple_overflow_minitemple,
          minmay_temple_entry_drinking_statues, serial_bayou,
          serial_bayou_pond_b, serial_bayou_pond_c, serial_bayou_pond_d,
          serial_bayou_crossing
Temple:   eino_wide_crystal_templ
